 Dungeon Sprint DCSS version 0.28-a0-317-g21599a725c (webtiles) character file.

Game seed: 12217574218375501

2186 McIrco the Unseen (level 9, 0/62 HPs)
             Began as a Kobold Berserker on Sept 1, 2021.
             Was the Champion of Trog.
             Slain by a black mamba (shapeshifter) (3 damage)
             ... while petrified by a basilisk
             ... in the Dungeon (Sprint V: "Ziggurat Sprint").
             The game lasted 00:07:09 (706 turns).

McIrco the Unseen (Kobold Berserker)                 Turns: 706, Time: 00:07:09

Health: 0/62       AC: 20    Str: 17    XL:     9   Next: 59%
Magic:  8/8        EV:  3    Int:  9    God:    Trog [******]
Gold:   0          SH:  0    Dex: 20    Spells: 8/8 levels left

rFire   . . .      SeeInvis .   C - +5 quick blade
rCold   . . .      Faith    .   G - +3 kite shield
rNeg    + + +      Spirit   .   B - +5 shadow dragon scales
rPois   ∞          Reflect  +   a - +2 helmet "Inka" {rPois}
rElec   .          Harm     .   (no cloak)
rCorr   .          Rampage  .   (no gloves)
Will    .....      NoTele   +   (no boots)
Stlth   ++++++++..              H - amulet of the Special Olives {Reflect rN+ SH+5}
HPRegen 0.20/turn               u - +6 ring of dexterity
MPRegen 0.11/turn               J - +4 ring of evasion

@: lethally poisoned (0 -> 0), petrified, on berserk cooldown, slowed, studying
2 skills
A: small, no large weapons, nightstalker 3, low mp 1, no potion heal 1
a: Renounce Religion, Berserk, Trog's Hand, Brothers in Arms


You were in the Dungeon.
You worshipped Trog.
Trog was exalted by your worship.
You visited 1 branch

Inventory:

Hand Weapons
 C - a +5 quick blade (weapon)
 D - a +5 rapier
Armour
 a - the +2 helmet "Inka" (worn) {rPois}
   (You found it in the Dungeon)

   rPois:     It protects you from poison.
 B - +5 shadow dragon scales (worn)
 E - the +18 shield of the Gong {rElec rN+ Will+ EV-5}
   (You found it in the Dungeon)

   It is deafeningly noisy when blocking attacks.
   EV:        It affects your evasion (-5).
   rElec:     It insulates you from electricity.
   rN:        It protects you from negative energy.
   Will:      It increases your willpower.
 F - a +5 crystal plate armour
 G - a +3 kite shield (worn)
Jewellery
 b - a +6 ring of strength
 t - a ring of flight
 u - a +6 ring of dexterity (left hand)
 v - a +6 ring of dexterity
 w - a +6 ring of intelligence
 x - a +6 ring of intelligence
 y - a +6 ring of strength
 z - a +6 ring of strength
 H - the amulet of the Special Olives (around neck) {Reflect rN+ SH+5}
   (You found it in the Dungeon)

   [amulet of reflection]

   It reflects blocked missile attacks.
   rN:        It protects you from negative energy.
   SH:        It affects your SH (+5).
 J - a +4 ring of evasion (right hand)
 L - the ring "Huvac" {rN+ Will+ MP+9}
   (You found it in the Dungeon)

   [ring of magical power]

   rN:        It protects you from negative energy.
   MP:        It affects your magic capacity (+9).
   Will:      It increases your willpower.
Wands
 q - a wand of mindburst (7)
 r - a wand of iceblast (7)
 s - a wand of acid (7)
Scrolls
 h - 4 scrolls of blinking
 i - 8 scrolls of fog
 j - a scroll of holy word
 k - 5 scrolls of identify
 l - 2 scrolls of fear
Potions
 c - 10 potions of curing
 d - 10 potions of heal wounds
 e - 6 potions of haste
 f - 7 potions of magic
 g - 3 potions of berserk rage
 m - 2 potions of invisibility
 n - 4 potions of resistance
 p - 5 potions of might
Miscellaneous
 o - a phial of floods
 A - a lightning rod (4/4)
 I - a phantom mirror
 K - a box of beasts


   Skills:
 + Level 10.2 Fighting
 + Level 12.1 Short Blades
 + Level 5.0 Armour
 + Level 7.8 Dodging
 + Level 15.3 Stealth
 + Level 7.8 Shields


You had 8 spell levels left.
You didn't know any spells.
Your spell library was empty.

Dungeon Overview and Level Annotations

Branches:
Dungeon (1/1)

Altars:
Ashenzari
Cheibriados
Dithmenos
Elyvilon
Fedhas
Gozag
Hepliaklqana
Kikubaaqudgha
Makhleb
Nemelex Xobeh
Okawaru
Qazlal
Ru
Sif Muna
Trog
Uskayaw
Vehumet
Wu Jian
Xom
Yredelemnul
Zin
The Shining One
Beogh
Jiyva
Lugonu


Innate Abilities, Weirdness & Mutations

You are small and have problems with some larger weapons.
You are completely attuned to the shadows.
Your magical capacity is low. (-10% MP)
Potions are less effective at restoring your health.


Message History

The green ugly thing gores you but does no damage.
The basilisk bites you.
The green ugly thing engulfs you but does no damage.
The neqoxec hits you!
The green ugly thing gores you but does no damage.
The basilisk gazes at you. You resist with some effort.
The green ugly thing bites you but does no damage.
The green ugly thing engulfs you but does no damage.
The neqoxec hits you. The spriggan barely misses you.
The green ugly thing gores you but does no damage.
The basilisk bites you but does no damage.
The green ugly thing bites you but does no damage.
The spriggan changes into a black mamba!
The green ugly thing engulfs you.
The neqoxec hits you but does no damage.
The green ugly thing gores you but does no damage.
The basilisk bites you.
* * * LOW HITPOINT WARNING * * *
The green ugly thing barely misses you. The green ugly thing engulfs you!
* * * LOW HITPOINT WARNING * * *
The black mamba bites you!
* * * LOW HITPOINT WARNING * * *
The neqoxec hits you but does no damage.
The green ugly thing gores you.
* * * LOW HITPOINT WARNING * * *
The basilisk gazes at you.
The green ugly thing basks in the mutagenic energy from its kin and changes!
The black mamba bites you but does no damage.
The green ugly thing engulfs you but does no damage.
The neqoxec gestures at you.
Strange energies course through your body.
You feel less energetic.
The black mamba bites you but does no damage.
The green ugly thing gores you but does no damage.
The basilisk bites you!
* * * LOW HITPOINT WARNING * * *
The black mamba bites you!
You die...

▓.▓....▓.▓........▓
▓...©....▓...©....▓
▓▓▓▓▓▓▓▓▓▓▓▓▓▓▓▓▓▓▓
▓..8©8..▓
..:)[)...▓..).[..▓
...=):...▓....|..▓
....3....▓..††...▓
...S3l...▓..†.)..▓
...u@u...▓.......▓
...u.....▓.......▓
.▓.....▓.▓.......▓
....©....▓...©...▓
▓▓▓▓▓▓▓▓▓▓▓▓▓▓▓▓▓▓
▓..8©8..▓ ▓...|)..▓
▓..)|)†)▓ ▓.....).▓


You could see 3 ugly things, a black mamba shaped shifter, a basilisk shaped
shifter and 2 neqoxecs.

Vanquished Creatures
  A thrashing horror (D)
  A naga mage (D)
  A spriggan (D)
  A naga (D)
  2 water moccasins (D)
  3 black bears (D)
  A necrophage (D)
  2 wolves (D)
  A phantom (D)
  3 crimson imps (D)
  2 iron imps (D)
  2 mummies (D)
  A shadow imp (D)
  A white imp (D)
  An ufetubus (D)
  2 ball pythons (D)
  3 endoplasms (D)
  A jackal skeleton (D)
  A jackal zombie (D)
30 creatures vanquished.

Notes
Turn   | Place    | Note
-------+----------+-------------------------------------------
     0 | D        | McIrco the Kobold Berserker began the quest for the Orb.
     0 | D        | Reached XP level 1. HP: 14/14 MP: 1/1
     0 | D        | Found a glowing golden altar of the Shining One.
     1 | D        | Found a broken altar of Ashenzari.
     1 | D        | Found a snail-covered altar of Cheibriados.
     1 | D        | Found a shadowy altar of Dithmenos.
     3 | D        | Found a white marble altar of Elyvilon.
     5 | D        | Found a blossoming altar of Fedhas.
     6 | D        | Found a viscous altar of Jiyva.
     6 | D        | Found a hazy altar of Hepliaklqana.
     6 | D        | Found a transporter.
     6 | D        | Found an opulent altar of Gozag.
    16 | D        | Found a radiant altar of Vehumet.
    19 | D        | Found a hide-covered altar of Uskayaw.
    20 | D        | Found a shimmering blue altar of Sif Muna.
    20 | D        | Found a sacrificial altar of Ru.
    20 | D        | Found a bloodstained altar of Trog.
    20 | D        | Found a stormy altar of Qazlal.
    22 | D        | Found an iron altar of Okawaru.
    25 | D        | Found a sparkling altar of Nemelex Xobeh.
    25 | D        | Found the +6 Majin-Bo {vamp, MP+6 Int+6}
    25 | D        | Found the +9 heavy crossbow "Sniper" {vorpal, Acc+∞ SInv}
    25 | D        | Found the +10 dark maul {vorpal}
    25 | D        | Found the +15 Maxwell's patent armour {-Cast -Tele rElec
                  | Will+ rCorr}
    25 | D        | Found the +18 shield of the Gong {rElec rN+ Will+ EV-5}
    25 | D        | Found the +14 obsidian axe {vorpal, Mesm Drain Fly SInv}
    25 | D        | Found the +7 great mace "Firestarter" {inner flame, rF++}
    25 | D        | Found the +6 shillelagh "Devastator" {shatter}
    25 | D        | Found the +11 plutonium sword {Contam Stlth-}
    25 | D        | Found the +8 lance "Wyrmbane" {slay drac, rPois rF+ rC+
                  | AC+3}
    25 | D        | Found the +9 sword of Zonguldrok {reap}
    25 | D        | Found the +13 scythe of Curses {drain, Drain}
    25 | D        | Found the +5 sword of Power {vorpal}
    25 | D        | Found the +7 mace of Variability {chain chaos}
    25 | D        | Found the +7 Singing Sword {vorpal, sonic wave}
    25 | D        | Found the +8 storm bow {elec, penet}
    26 | D        | Found a corrupted altar of Lugonu.
    26 | D        | Found an ancient bone altar of Kikubaaqudgha.
    26 | D        | Found a burning altar of Makhleb.
   131 | D        | Entered arena 2.
   132 | D        | Found a transporter.
   141 | D        | Reached skill level 5 in Short Blades
   141 | D        | Reached XP level 2. HP: 8/20 MP: 2/2
   144 | D        | Reached skill level 5 in Fighting
   144 | D        | Reached XP level 3. HP: 11/26 MP: 3/3
   360 | D        | Entered arena 3.
   362 | D        | Found a transporter.
   365 | D        | Reached ** piety under Trog
   369 | D        | Got the amulet of the Special Olives {Reflect rN+ SH+5}
   382 | D        | Reached skill level 13 in Stealth
   382 | D        | Reached XP level 4. HP: 31/31 MP: 4/4
   389 | D        | Entered arena 4.
   390 | D        | Noticed a thrashing horror
   391 | D        | Found a transporter.
   401 | D        | Killed a thrashing horror
   402 | D        | Reached skill level 10 in Short Blades
   402 | D        | Reached skill level 5 in Dodging
   402 | D        | Reached skill level 14 in Stealth
   402 | D        | Reached XP level 5. HP: 40/40 MP: 5/5
   402 | D        | Reached XP level 6. HP: 45/45 MP: 6/6
   402 | D        | Reached XP level 7. HP: 50/50 MP: 7/7
   405 | D        | Reached *** piety under Trog
   412 | D        | Reached XP level 8. HP: 56/56 MP: 8/8
   433 | D        | Entered arena 5.
   435 | D        | Found a transporter.
   445 | D        | Reached **** piety under Trog
   468 | D        | Entered arena 6.
   470 | D        | Found a transporter.
   488 | D        | Reached ***** piety under Trog
   520 | D        | Entered arena 7.
   523 | D        | Noticed a spriggan
   524 | D        | Found a transporter.
   536 | D        | Killed a spriggan
   537 | D        | Reached skill level 5 in Shields
   540 | D        | Reached skill level 15 in Stealth
   545 | D        | Reached XP level 9. HP: 62/62 MP: 9/9
   554 | D        | Got the +2 helmet "Inka" {rPois}
   565 | D        | Got the ring "Huvac" {rN+ Will+ MP+9}
   571 | D        | Entered arena 8.
   589 | D        | Noticed a naga mage
   591 | D        | Found a transporter.
   598 | D        | Killed a naga mage
   599 | D        | Reached skill level 10 in Fighting
   604 | D        | Received a gift from Trog
   604 | D        | Reached ****** piety under Trog
   616 | D        | Reached skill level 5 in Armour
   673 | D        | Entered arena 9.
   675 | D        | Noticed a polar bear
   675 | D        | Noticed a cyan ugly thing
   676 | D        | Noticed a brown ugly thing
   676 | D        | Noticed a green ugly thing
   691 | D        | Gained mutation: Potions are less effective at restoring
                  | your health. [a neqoxec]
   700 | D        | a polar bear changed into a spriggan
   703 | D        | Noticed a black mamba
   703 | D        | a spriggan changed into a black mamba
   705 | D        | Gained mutation: Your magical capacity is low. (-10% MP) [a
                  | neqoxec]
   705 | D        | HP: 3/62 [basilisk (shapeshifter) (5)]
   706 | D        | Slain by a black mamba (shapeshifter)

Illustrated notes

Levels and vault maps discovered:
D:        sprint_v [room_start, room_1, room_2, room_3, room_4, room_5, room_6,
          room_7, room_8, room_9, room_10, room_11, room_12, room_13, room_14,
          room_15, room_16, room_17, room_18, room_19, room_20, room_21,
          room_22, room_23, room_24, room_25, room_26, room_27]

Skill      XL: |  1  2  3  4  5  6  7  8  9 |
---------------+----------------------------+-----
Fighting       | 4 5 8 9 10 | 10.2
Short Blades   | 5 6 10 11 12 | 12.1
Armour         | 2 3 4 5 |  5.0
Dodging        | 3 5 7 |  7.8
Stealth        | 13 14 15 | 15.3
Shields        | 3 5 7 |  7.8

Action                   |  1- 3 |  4- 6 |  7- 9 || total
-------------------------+-------+-------+-------++-------
Melee: Quick blade       |    12 |     9 |   124 ||   145
Invok: Berserk           |     1 |     1 |     3 ||     5
  Use: Potion            |     1 |       |       ||     1
 Stab: Sleeping          |     3 |       |       ||     3
Armor: Shadow dragon sca |     3 |     5 |    65 ||    73
Dodge: Dodged            |       |       |    50 ||    50
Block: Kite shield       |       |    21 |   126 ||   147

Table legend: (Time is in decaauts)
 A = Elapsed time spent in this place.
 B = Non-inter-level travel time spent in this place.
 C = Inter-level travel time spent in this place.
 D = Time resting spent in this place.
 E = Time spent auto-exploring this place.
 F = Levels seen in this place.
 G = Mean time per level.
                   A        B        C        D        E       F      G
               +--------+--------+--------+--------+--------+-----+--------+
         Total |    662 |    636 |     26 |    227 |    100 |   1 |  662.0 |
       Dungeon |    662 |    636 |     26 |    227 |    100 |   1 |  662.0 |
               +--------+--------+--------+--------+--------+-----+--------+

Top non-repeatable levels by time:
       D: 662 daAuts
